 Dungeon Crawl Stone Soup version 0.26-a0-259-g1effd001a9 (webtiles) character file.

Game seed: 10356725957166021383

113 raph the Chiller (level 4, 0/33 HPs)
             Began as a Draconian Ice Elementalist on July 11, 2020.
             Slain by an orc
             ... wielding a +0 flail
              (7 damage)
             ... on level 2 of the Dungeon.
             The game lasted 00:05:08 (2854 turns).

raph the Chiller (Draconian Ice Elementalist)       Turns: 2854, Time: 00:05:08

Health: 0/33       AC:  6    Str: 10    XL:     4   Next: 65%
Magic:  7/7        EV: 12    Int: 16    God:
Gold:   137        SH:  0    Dex: 12    Spells: 4/8 levels left

rFire    . . .     SeeInvis .   f - +0 whip
rCold    . . .     Faith    .   (no shield)
rNeg     . . .     Spirit   .   (armour unavailable)
rPois    .         Reflect  .   (helmet restricted)
rElec    .         Harm     .   (no cloak)
rCorr    .                      (no gloves)
MR       .....                  e - +0 pair of boots
Stlth    ++........             (no amulet)
HPRegen  0.11/turn              (no ring)
MPRegen  0.10/turn              (no ring)

@: no status effects
A: unfitting armour, cold-blooded, AC +5
a: no special abilities


You were on level 2 of the Dungeon.
You were not hungry.

You visited 1 branch of the dungeon, and saw 3 of its levels.

You collected 137 gold pieces.

Inventory:

Hand Weapons
 f - a +0 whip (weapon)
Missiles
 a - 35 stones
 j - 4 javelins (quivered)
Armour
 e - a +0 pair of boots (worn)
Jewellery
 d - a cursed amulet of guardian spirit {unknown}
 l - an uncursed ring of fire
Scrolls
 h - a scroll of remove curse {unknown}
 i - a scroll of magic mapping {unknown}
 k - 3 scrolls of identify {unknown}
 m - a scroll of teleportation {unknown}
Potions
 c - a potion of heal wounds {unknown}
 g - 2 potions of curing {unknown}
Comestibles
 b - 10 rations


   Skills:
 - Level 2.0 Dodging
 - Level 2.1 Stealth
 + Level 2.6 Spellcasting
 * Level 5.5 Ice Magic


You had 4 spell levels left.
You knew the following spells:

 Your Spells              Type           Power        Failure   Level
a - Freeze                Ice            ###.         1%          1
b - Frozen Ramparts       Ice            ###...       6%          3

Your spell library contained the following spells:

 Spells                   Type           Power        Failure   Level
 Ozocubu's Armour         Chrm/Ice       ##......     19%         3
 Hailstorm                Conj/Ice       ##......     52%         4
 Summon Ice Beast         Ice/Summ       ##......     52%         4


Dungeon Overview and Level Annotations

Branches:
Dungeon (3/15)

Altars:
Gozag


Innate Abilities, Weirdness & Mutations

Your plain brown scales are hard. (AC +5)
You cannot fit into any form of body armour.
You are cold-blooded and may be slowed by cold attacks.


Message History

Magic restored.
Things that are here:
an orc corpse; a jackal corpse x2
There is a stone staircase leading down here.
You climb downwards.
The adder misses you.
The giant cockroach bites you but does no damage.
The orc priest calls down the wrath of Beogh upon you.
Pain shoots through your body! The orc barely misses you.
The orc hits you with a +0 whip. The adder misses you.
The orc priest begins to cast a cantrip, but forgets the words!
The giant cockroach closely misses you.
There is a stone staircase leading up here.
The adder barely misses you. The orc hits you with a +0 whip.
The orc hits you with a +0 flail. The giant cockroach closely misses you.
You climb upwards.
There is a stone staircase leading down here.
The adder bites you.
* * * LOW HITPOINT WARNING * * *
The orc barely misses you. The orc hits you with a +0 flail!
You die...

......................<..#.#.....
....................#....#.#.....
.........................#....#..
............###..........####....
..................##........#....
..........##......##........)..).
..........##......##.............
..............[oso###...)........
........######.S@## ####......#+#
.####...##..)....# #......#.# .#
#...##.##....# #......#.# .#
#...##.##....# #......#.# ##
#...##.##....# #......#.#
#...##.##...(# #......#.#
######.##....# ####'#...#
#.##†#### #.##### #.##.# #......


You could see an adder, 2 orcs and a giant cockroach.

Vanquished Creatures
  Terence (D:2)
  2 adders (D:2)
  3 worms (D:2)
  2 dart slugs (D:1)
  A leopard gecko (D:2)
  An orc (D:2)
  3 giant cockroaches (D:1)
  4 goblins (D:2)
  4 hobgoblins
  14 jackals (D:2)
  7 kobolds
  6 bats
  3 frilled lizards
  2 rats (D:1)
53 creatures vanquished.

Notes
Turn   | Place    | Note
-------+----------+-------------------------------------------
     0 | D:1      | raph the Draconian Ice Elementalist began the quest for the
                  | Orb.
     0 | D:1      | Reached XP level 1. HP: 14/14 MP: 3/3
   376 | D:1      | Reached XP level 2. HP: 20/20 MP: 1/5
  1256 | D:2      | Reached XP level 3. HP: 21/26 MP: 0/6
  1398 | D:2      | Learned a level 3 spell: Frozen Ramparts
  1730 | D:2      | Found an opulent altar of Gozag.
  1785 | D:2      | Reached skill level 5 in Ice Magic
  1876 | D:2      | Noticed Terence
  1885 | D:2      | Killed Terence
  1885 | D:2      | Reached XP level 4. HP: 18/33 MP: 1/7
  2854 | D:2      | Slain by an orc

Illustrated notes

Levels and vault maps discovered:
D:1:      nagdon_arrival_double_spiral, layout_loops_cross,
          grunt_decor_arrowhead
D:2:      layout_basic, first_ration, grunt_gozag_breadcrumbs, uniq_terence
D:3:      layout_rooms, minmay_goblin_kobold_house, uniq_robin

Skill      XL: |  1  2  3 |
---------------+----------+-----
Stealth        | 2 |  2.1
Dodging        | 2 |  2.0
Ice Magic      | 5 |  5.5
Spellcasting   | |  2.6

Action                   |  1- 3 |  4- 6 || total
-------------------------+-------+-------++-------
Melee: Unarmed           |    25 |       ||    25
       Whip              |    49 |    38 ||    87
       Tailslap          |     8 |     3 ||    11
Throw: Javelin           |     2 |       ||     2
 Cast: Freeze            |    52 |    20 ||    72
 Stab: Sleeping          |       |     1 ||     1
  Eat: Ration            |     1 |     1 ||     2
Armor: Skin              |    52 |    34 ||    86
Dodge: Dodged            |    90 |    56 ||   146

Table legend:
 A = Non-vault XP
 B = Vault XP
 C = Vault XP percentage of total XP
 D = Non-vault monster count
 E = Vault monster count
 F = Vault count percentage of total count
                 A         B        C        D         E       F
            +---------+---------+-------+---------+---------+-------
      Total |     126 |      36 |  22.2 |      52 |       1 |   1.9
            +---------+---------+-------+---------+---------+-------
        D:1 |      36 |       0 |   0.0 |      22 |       0 |   0.0
        D:2 |      90 |      36 |  28.6 |      30 |       1 |   3.2
            +---------+---------+-------+---------+---------+-------
